 Dungeon Crawl Stone Soup version 0.18-a0-1577-gf591c28 (webtiles) character file.

34 4thArraOfDagon the Gusty (level 3, -5/26 HPs)
             Began as a Centaur Air Elementalist on Mar 19, 2016.
             Was an Initiate of Cheibriados.
             Slain by a gnoll
             ... wielding a +0 halberd
              (16 damage)
             ... on level 1 of the Dungeon.
             The game lasted 00:03:32 (453 turns).

4thArraOfDagon the Gusty (Centaur Air Elementalist)  Turns: 453, Time: 00:03:33

Health: -5/26      AC:  1    Str: 11    XL:     3   Next: 14%
Magic:  5/5        EV:  9    Int: 16    God:    Cheibriados [......]
Gold:   30         SH:  0    Dex: 10    Spells: 3 memorised, 0 levels left

rFire  . . .     SeeInvis .     n - -1 spear (curse)
rCold  + . .     Gourm    .     a - +0 robe
rNeg   . . .     Faith    .     (no shield)
rPois  .         Spirit   .     (no helmet)
rElec  .         Dismiss  .     (no cloak)
rCorr  .         Reflect  .     (no gloves)
SustAt .         Harm     .     (no barding)
MR     .....                    (no amulet)
Stlth  +.........               o - -3 ring of protection (curse)
                                i - ring of protection from cold

@: repel missiles, not resistant to hostile enchantments, very unstealthy
A: hooves 3, deformed body, speed 2, tough skin 3
a: Bend Time, Renounce Religion


You were on level 1 of the Dungeon.
You worshipped Cheibriados.
Cheibriados was noncommittal.
You were not hungry.

You visited 1 branch of the dungeon, and saw 2 of its levels.

You collected 30 gold pieces.

Inventory:

Hand Weapons
 n - a cursed -1 spear (weapon)
Armour
 a - a +0 robe (worn)
 k - a +0 ring mail
 m - a cursed +0 pair of gloves
Jewellery
 i - a ring of protection from cold (left hand)
 o - a cursed -3 ring of protection (right hand)
Scrolls
 d - a scroll of fog {unknown}
 e - a scroll of enchant armour {unknown}
 g - a scroll of enchant weapon {unknown}
 j - a scroll of remove curse {unknown}
 l - a scroll of identify {unknown}
Potions
 h - 2 potions of lignification {unknown}
Books
 b - a book of Air

   Spells                             Type                      Level
   a - Shock                          Conjuration/Air              1
   b - Swiftness                      Charms/Air                   2
   c - Repel Missiles                 Charms/Air                   2
   d - Static Discharge               Conjuration/Air              3
   e - Lightning Bolt                 Conjuration/Air              5
Comestibles
 c - a bread ration
 f - 2 fruits


   Skills:
 - Level 1.3 Dodging
 - Level 1.2 Stealth
 - Level 1.5 Spellcasting
 * Level 1.9 Conjurations
 * Level 3.4 Air Magic


You couldn't memorise any spells.
You knew the following spells:

 Your Spells              Type           Power        Failure   Level  Hunger
a - Shock                 Conj/Air       #...         10%         1    ##.....
b - Repel Missiles        Chrm/Air       #.....       17%         2    ###....
c - Swiftness             Chrm/Air       #.......     17%         2    ###....


Dungeon Overview and Level Annotations

Branches:
Dungeon (2/15)

Altars:
Cheibriados


Innate Abilities, Weirdness & Mutations

You have hooves in place of feet.
Armour fits poorly on your strangely shaped body.
You cover ground very quickly.
You have extremely tough skin (AC +3).


Message History

Unknown command.
Found a cloak.
o - an opal ring Put on which piece of jewellery? (? for menu, Esc to quit)
Oops, that ring feels deathly cold.
o - a cursed -3 ring of protection (right hand)
A gnoll comes into view. It is wielding a halberd.
The gnoll shouts!
There is a snail-covered altar of Cheibriados here.
You kneel at the altar of Cheibriados.
Cheibriados welcomes you!
Cheibriados begins to support your attributes as your movement slows. x2
You can now bend time to slow others.
Enter note: MEH
There is a stone staircase leading down here.
Unknown command.
Unknown command.
The gnoll hits you from afar with a halberd!
Ouch! That really hurt!
You die... ♣...#.# .....
P...#.###..... ♣ ♣...#.#.....# P♣♣♣# ....#.#.....# ♣PPPPP ....†.......# PPP.P♣

....#.#.....# ♣PP.P♣
#..(....#...#♣♣.♣.P♣
#.....†..♣.♣#.♣♣.♣.♣
#......#♣P.P♣..♣@♣♣##
....#...♣P.P♣..>....#
........♣ .♣♣..g###.#
........♣ ♣.....# #
........♣ ♣♣.....#
###......♣♣♣..._..#
♣♣♣♣♣♣....#.....#
.............#
♣♣♣.............


You could see a gnoll.

Vanquished Creatures
  2 gnolls (D:1)
  4 bats (D:1)
  2 giant cockroaches (D:1)
  A kobold (D:1)
  A giant newt (D:1)
  2 goblins (D:1)
  2 rats (D:1)
14 creatures vanquished.

Notes
Turn   | Place    | Note
--------------------------------------------------------------
     0 | D:1      | 4thArraOfDagon the Centaur Air Elementalist began the quest for the Orb.
     0 | D:1      | Reached XP level 1. HP: 14/14 MP: 3/3
    33 | D:1      | Reached skill level 1 in Conjurations
   147 | D:1      | Reached skill level 3 in Air Magic
   147 | D:1      | Reached XP level 2. HP: 8/20 MP: 0/4
   296 | D:1      | Reached XP level 3. HP: 3/26 MP: 0/5
   417 | D:2      | Learned a level 2 spell: Repel Missiles
   420 | D:2      | Learned a level 2 spell: Swiftness
   432 | D:1      | Found a snail-covered altar of Cheibriados.
   444 | D:1      | Became a worshipper of Cheibriados the Contemplative
   445 | D:1      | MEH
   453 | D:1      | Slain by a gnoll

Vault maps used:
D:1:      dpeg_arrival_orchard, serial_forest, infiniplex_forest_straight_2,
          infiniplex_forest_clump_small, infiniplex_forest_end_2,
          infiniplex_forest_clump_curved, infiniplex_forest_straight_2,
          infiniplex_forest_straight_5, infiniplex_forest_straight_4,
          infiniplex_forest_clump_diagonal, infiniplex_forest_end_1,
          cheibriados_altar_1
D:2:      first_bread, nemelex_spade_bored_becter

Skill      XL: |  1 |
---------------+----+-----
Conjurations   | 1 |  1.9
Air Magic      | 3 |  3.4
Dodging        | |  1.3
Stealth        | |  1.2
Spellcasting   | |  1.5

Action                   || total
-------------------------++-------
Melee: Unarmed           ||    15
       Spear             ||     3
 Cast: Shock             ||    18
       Repel Missiles    ||     1
